 Dungeon Sprint DCSS version 0.31-a0-841-g038b102fc3 (webtiles) character file.

Game seed: 5082340210782486779

735 sircluck the Grappler (level 7, -8/121 HPs)
             Began as a Troll Berserker on Sept 27, 2023.
             Was a High Priest of Trog.
             Mangled by an orc warrior
             ... wielding a +0 long sword
             ... led by an orc knight
              (16 damage)
             ... in the Dungeon (Sprint VII: "The Pits").
             The game lasted 00:01:04 (456 turns).

sircluck the Grappler (Troll Berserker)              Turns: 456, Time: 00:01:05

Health: -8/121     AC:  4    Str: 28    XL:     7   Next: 45%
Magic:  6/6        EV: 12    Int:  3    God:    Trog [*****.]
Gold:   0          SH:  0    Dex:  9    Spells: 6/6 levels left

rFire   . .          .
                       - Unarmed
rCold   . . .        (no shield)
rNeg    . . .        a - +0 animal skin
rPois   .            (helmet restricted)
rElec   .            (no cloak)
rCorr   .            (gloves unavailable)
SInv    .            (boots unavailable)
Will    .....        (no amulet) Stlth
                     (no ring)
HPRegen 1.20/turn    (no ring)
MPRegen 0.10/turn

%: no teleportation
@: berserking, very quick
A: large, unfitting armour, claws 3, regeneration 1, shaggy fur 1, tough skin 1
a: Renounce Religion, Berserk, Trog's Hand, Brothers in Arms


You were in the Dungeon.
You worshipped Trog.
Trog was extremely pleased with you.
You visited 1 branch

Inventory:

Armour
 a - a +0 animal skin (worn)
Scrolls
 g - a scroll of blinking
 i - 2 scrolls of vulnerability
 j - a scroll of summoning
Potions
 b - 6 potions of curing
 c - 5 potions of heal wounds
 d - a potion of haste
 e - 4 potions of magic
 f - 3 potions of berserk rage
 h - 2 potions of invisibility


   Skills:
 + Level 8.5 Fighting
 + Level 8.4 Dodging
 + Level 10.0 Unarmed Combat


You had 6 spell levels left.
You didn't know any spells.
Your spell library was empty.

Dungeon Overview and Level Annotations

Branches:
Dungeon (1/1)

Altars:
Ashenzari
Cheibriados
Dithmenos
Elyvilon
Fedhas
Gozag
Hepliaklqana
Kikubaaqudgha
Makhleb
Nemelex Xobeh
Okawaru
Qazlal
Ru
Sif Muna
Trog
Uskayaw
Vehumet
Wu Jian
Xom
Yredelemnul
Zin
The Shining One
Jiyva
Lugonu


Innate Abilities, Weirdness & Mutations

You are too large for most types of armour.
You have claws for hands.
Your natural rate of healing is unusually fast.
You are covered in fur. (AC +1)
You have tough skin. (AC +1)


Message History

The phantasmal warrior is lightly damaged.
The orc warrior hits you with a +0 long sword!
You barely miss the phantasmal warrior.
The phantasmal warrior is lightly damaged.
The phantasmal warrior misses you.
A red film seems to cover your vision as you go berserk!
You feel yourself moving faster!
You feel mighty!
The orc warrior hits you with a +0 long sword!
The phantasmal warrior hits you.
You scratch the phantasmal warrior but do no damage.
The phantasmal warrior is lightly damaged.
The orc warrior hits you with a +0 long sword!
The phantasmal warrior misses you.
You claw the phantasmal warrior!
The phantasmal warrior is heavily damaged.
The orc warrior hits you with a +0 long sword!
You closely miss the phantasmal warrior.
The phantasmal warrior is heavily damaged.
The phantasmal warrior hits you.
You claw the phantasmal warrior!
The phantasmal warrior is severely damaged.
A worm comes into view.
The orc warrior hits you with a +0 long sword!!
* * * LOW HITPOINT WARNING * * *
You barely miss the phantasmal warrior.
The phantasmal warrior is severely damaged.
The phantasmal warrior closely misses you.
You closely miss the phantasmal warrior.
The phantasmal warrior is severely damaged.
The orc warrior hits you with a +0 long sword!
* * * LOW HITPOINT WARNING * * *
The phantasmal warrior barely misses you.
Unknown command.
You completely miss the phantasmal warrior.
The phantasmal warrior is severely damaged.
Unknown command.
You claw the phantasmal warrior!
The phantasmal warrior is almost destroyed.
The orc warrior hits you with a +0 long sword!
You die...

#.#))#...†.##.......#
#.#))#.....##.......#
#)#..###'####.......#
#.##'#.))).##...<...#
#.#........##.......#
#.#........##.......#
#'###########.......#
#.......#W.##########
#.)###..#@#
#..)....#o#
##.###.##o#
#.......#ow.ooo+
#..###..#'#....#
#......)'.#..§.#
########### ####


You could see an orc knight, a phantasmal warrior, an orc warrior (strong), a
worm and an orc (strong).

Vanquished Creatures
  A wyvern (D)
  A floating eye (D)
  A black bear (D)
  A scorpion (D)
  4 wights (D)
  An orc priest (D)
  Jessica (D)
  An orc wizard (D)
  2 gnolls (D)
  2 adders (D)
  A river rat (D)
  4 orcs (D)
  A bat skeleton (D)
  A bat zombie (D)
  A giant cockroach (D)
  A hobgoblin (D)
  2 quokkas (D)
  A ball python (D)
27 creatures vanquished.

Notes
Turn   | Place    | Note
-------+----------+-------------------------------------------
     0 | D        | sircluck the Troll Berserker began the quest for the Orb.
     0 | D        | Reached XP level 1. HP: 22/22 MP: 0/0
    20 | D        | Found a bloodstained altar of Trog.
    20 | D        | Found a shimmering blue altar of Sif Muna.
    20 | D        | Found a viscous altar of Jiyva.
    20 | D        | Found a hazy altar of Hepliaklqana.
    20 | D        | Found an opulent altar of Gozag.
    21 | D        | Found a glowing golden altar of the Shining One.
    21 | D        | Found a glowing silver altar of Zin.
    21 | D        | Found a basalt altar of Yredelemnul.
    21 | D        | Found a shimmering altar of Xom.
    21 | D        | Found an ornate altar of the Wu Jian Council.
    21 | D        | Found a sacrificial altar of Ru.
    21 | D        | Found a stormy altar of Qazlal.
    21 | D        | Found an iron altar of Okawaru.
    21 | D        | Found a sparkling altar of Nemelex Xobeh.
    21 | D        | Found a burning altar of Makhleb.
    21 | D        | Found a blossoming altar of Fedhas.
    21 | D        | Found a white marble altar of Elyvilon.
    21 | D        | Found a shadowy altar of Dithmenos.
    21 | D        | Found a snail-covered altar of Cheibriados.
    25 | D        | Found a corrupted altar of Lugonu.
    25 | D        | Found a radiant altar of Vehumet.
    26 | D        | Found a broken altar of Ashenzari.
    26 | D        | Found an ancient bone altar of Kikubaaqudgha.
    26 | D        | Found a hide-covered altar of Uskayaw.
    66 | D        | Noticed a scorpion
    71 | D        | Killed a scorpion
    72 | D        | Reached skill level 5 in Unarmed Combat
    72 | D        | Reached XP level 2. HP: 32/33 MP: 1/1
    72 | D        | Reached XP level 3. HP: 39/40 MP: 2/2
    77 | D        | Reached ** piety under Trog
    78 | D        | Reached XP level 4. HP: 40/49 MP: 3/3
   102 | D        | Reached *** piety under Trog
   168 | D        | Noticed a floating eye
   171 | D        | Paralysed by a floating eye for 2 turns
   175 | D        | Reached skill level 5 in Fighting
   175 | D        | Reached skill level 5 in Dodging
   175 | D        | Reached skill level 6 in Unarmed Combat
   176 | D        | Reached **** piety under Trog
   176 | D        | Paralysed by a floating eye for 2 turns
   180 | D        | Killed a floating eye
   181 | D        | Reached skill level 7 in Unarmed Combat
   181 | D        | Reached XP level 5. HP: 59/59 MP: 4/4
   291 | D        | Reached skill level 8 in Unarmed Combat
   291 | D        | Reached XP level 6. HP: 55/68 MP: 5/5
   301 | D        | HP: 1/67 [wight/+0 long sword (10)]
   316 | D        | Reached ***** piety under Trog
   322 | D        | Reached skill level 9 in Unarmed Combat
   363 | D        | Reached XP level 7. HP: 79/79 MP: 6/6
   370 | D        | Received a gift from Trog
   372 | D        | Noticed a wyvern
   379 | D        | Killed a wyvern
   423 | D        | Noticed Jessica
   431 | D        | Killed Jessica
   432 | D        | Reached skill level 10 in Unarmed Combat
   439 | D        | Noticed an orc knight
   439 | D        | Noticed a phantasmal warrior
   456 | D        | Mangled by an orc warrior

Illustrated notes

Levels and vault maps discovered:
D:        pitsprint [storerooms_1, entrance_room_1, metal_vault_8, armoury_2,
          mini_pit_1, grid_room_1, main_hall_1, silver_pit, the_coven_1,
          the_vestibule_1, steel_vault_5, golden_pit, hallway_of_sentries,
          crystal_vault_4, iron_vault_3, final_vault]

Skill      XL: |  1  2  3  4  5  6  7 |
---------------+----------------------+-----
Fighting       | 4 6 7 8 |  8.5
Dodging        | 4 6 7 8 |  8.4
Unarmed Combat | 5 7 8 9 10 | 10.0

Action                     |  1- 3 |  4- 6 |  7- 9 || total
---------------------------+-------+-------+-------++-------
  Melee: Unarmed           |    12 |    49 |    31 ||    92
         Punch             |     1 |     1 |     1 ||     3
 Invoke: Berserk           |       |       |     2 ||     2
    Use: Potion            |       |     1 |       ||     1
 Armour: Animal skin       |     8 |    51 |    20 ||    79
  Dodge: Dodged            |    11 |    28 |    18 ||    57

Table legend: (Time is in decaauts)
 A = Elapsed time spent in this place.
 B = Non-inter-level travel time spent in this place.
 C = Inter-level travel time spent in this place.
 D = Time resting spent in this place.
 E = Time spent auto-exploring this place.
 F = Levels seen in this place.
 G = Mean time per level.
                   A        B        C        D        E       F      G
               +--------+--------+--------+--------+--------+-----+--------+
         Total |    450 |    450 |      0 |    150 |    126 |   1 |  450.0 |
       Dungeon |    450 |    450 |      0 |    150 |    126 |   1 |  450.0 |
               +--------+--------+--------+--------+--------+-----+--------+

Top non-repeatable levels by time:
       D: 450 daAuts
